 Dungeon Crawl Stone Soup version 0.25-a0-447-gff83419037 (webtiles) character file.

Game seed: 8567624314821254934, levelgen mode: deterministic

2142 Danqa the Basher (level 9, -1/85 HPs)
             Began as a Troll Monk on Jan 31, 2020.
             Slain by Harold
             ... wielding a +3 glaive of venom
              (17 damage)
             ... on level 7 of the Dungeon.
             The game lasted 00:14:25 (5236 turns).

Danqa the Basher (Troll Monk)                       Turns: 5236, Time: 00:14:25

Health: -1/85      AC:  6    Str: 24    XL:     9   Next: 9%
Magic:  8/8        EV: 12    Int:  6    God:
Gold:   373        SH:  0    Dex: 15    Spells: 8/8 levels left

rFire    . . .     SeeInvis .   x - +0 mace (vorpal)
rCold    . . .     Gourm    +   (no shield)
rNeg     . . .     Faith    .   b - +0 robe
rPois    .         Spirit   .   (helmet restricted)
rElec    .         Reflect  .   (no cloak)
rCorr    .         Harm     .   (gloves unavailable)
MR       .....                  (boots unavailable)
Stlth    ++........             (no amulet)
HPRegen  0.64/turn              q - +3 ring of dexterity
MPRegen  0.11/turn              (no ring)

@: lethally poisoned (-1 -> -24), lightly drained
A: large, unfitting armour, claws 3, fast metabolism 3, gourmand, regeneration
1, shaggy fur 1, tough skin 3
a: no special abilities


You were on level 7 of the Dungeon.
You were not hungry.

You visited 2 branches of the dungeon, and saw 8 of its levels.
You also visited: Sewer.

You collected 373 gold pieces.

Inventory:

Hand Weapons
 a - a +0 mace
 j - a +0 morningstar
 x - a +0 vorpal mace (weapon)
Armour
 b - a +0 robe (worn)
Jewellery
 q - a +3 ring of dexterity (left claw)
 y - a +1 ring of protection
 A - an uncursed ring of ice
 C - a +2 ring of intelligence {unknown}
Wands
 r - a wand of random effects (27)
 s - a wand of iceblast (7)
 u - a wand of digging (3)
Scrolls
 c - 3 scrolls of remove curse {unknown}
 f - 3 scrolls of teleportation {unknown}
 h - 13 scrolls of identify {unknown}
 k - a scroll of enchant weapon {unknown}
 m - a scroll of fear {unknown}
 v - a scroll of random uselessness {unknown}
 w - a scroll of enchant armour {unknown}
 B - a scroll of amnesia {unknown}
Potions
 d - a potion of haste {unknown}
 g - 6 potions of might {unknown}
 i - 3 potions of heal wounds
 l - 3 potions of agility {unknown}
 n - 2 potions of flight {unknown}
 o - 3 potions of curing {unknown}
 p - 4 potions of mutation {unknown}
 t - a potion of degeneration {unknown}
 z - 2 potions of brilliance {unknown}
Comestibles
 e - 6 rations


   Skills:
 + Level 4.5(4.0) Fighting
 + Level 8.8(8.2) Maces & Flails
 + Level 5.5(4.9) Dodging
 - Level 1.4(0.9) Stealth


You had 8 spell levels left.
You didn't know any spells.
Your spell library contained the following spells:

 Spells                   Type           Power        Failure   Level  Hunger
 Corona                   Hex            #......      45%         1    ##.....
 Ensorcelled Hibernation  Hex/Ice        #.....       58%         2    ###....
 Confusing Touch          Hex            #.......     83%         3    ####...
 Dazzling Flash           Conj/Hex       #.....       83%         3    ####...
 Gell's Gravitas          Tloc           #.........   83%         3    ####...
 Tukima's Dance           Hex            #.......     83%         3    ####...
 Petrify                  Tmut/Erth      #.......     99%         4    #####..
 Metabolic Englaciation   Hex/Ice        #.........   100%        5    ######.
 Yara's Violent Unravell  Hex/Tmut       #.........   100%        5    ######.


Dungeon Overview and Level Annotations

Branches:
Dungeon (7/15)             Temple (1/1) D:6           Sewer (visited)

Altars:
Ashenzari
Cheibriados
Dithmenos
Fedhas
Gozag
Hepliaklqana
Kikubaaqudgha
Makhleb
Okawaru
Qazlal
Ru
Sif Muna
Trog
Uskayaw
Vehumet
Wu Jian
Xom
Yredelemnul
Zin
The Shining One

Shops:
D:6 (

Annotations:
D:7 Harold


Innate Abilities, Weirdness & Mutations

You are too large for most types of armour.
You have claws for hands.
Your metabolism is lightning-fast.
You like to eat raw meat.
Your natural rate of healing is unusually fast.
You are covered in fur. (AC +1)
You have extremely tough skin. (AC +3)


Message History

You are too injured to fight recklessly!
You are too injured to fight recklessly!
You are too injured to fight recklessly!
You are too injured to fight recklessly!
You are too injured to fight recklessly!
You are too injured to fight recklessly!
You closely miss Harold.
Harold is heavily wounded.
You feel sick.
You hit Harold but do no damage.
Harold is heavily wounded.
You feel sick.
Harold hits you with a +3 glaive of venom!!
* * * LOW HITPOINT WARNING * * *
You are more poisoned.
You feel much better.
* * * LOW HITPOINT WARNING * * *
You feel very sick.
Harold hits you with a +3 glaive of venom!
You die...

#.# #.###.#..###)#
#.# #.###.#..# #)#
#.# #.##..#.<# #)#
#.####........# #.##
#.............# #..##
#########.#..##
#...##
#.#..####.#..##
#######.#............
#..@@...#..####.##...
#.#####..... #.##..#
..###. #.##..# .##>#
#. #... .# # .......
# ....... .######


You could see Harold.

Vanquished Creatures
  Grinder (D:4)
  Menkaure (D:7)
  An ice beast (D:5)
  A sky beast (D:7)
  A necrophage (D:6)
  A centaur (D:6)
  A phantom (D:5)
  An ogre (D:6)
  2 bullfrogs (D:6)
  A scorpion (D:3)
  5 wights (D:7)
  A howler monkey (D:2)
  2 crimson imps
  A bullfrog skeleton (D:5)
  2 jellies
  2 orc wizards (D:4)
  5 orc priests
  A centaur skeleton (D:4)
  3 worker ants
  3 gnolls
  12 adders
  10 river rats
  A shadow imp (D:5)
  An adder skeleton (D:4)
  6 worms
  A dart slug (D:1)
  3 leopard geckos
  20 orcs
  5 giant cockroaches
  6 goblins
  11 hobgoblins
  10 jackals
  5 quokkas
  7 ball pythons
  6 bats
  3 frilled lizards
  30 kobolds
  A leopard gecko zombie (D:6)
  A quokka zombie (D:5)
  23 rats
198 creatures vanquished.

Notes
Turn   | Place    | Note
-------+----------+-------------------------------------------
     0 | D:1      | Danqa the Troll Monk began the quest for the Orb.
     0 | D:1      | Reached XP level 1. HP: 22/22 MP: 0/0
   126 | D:1      | Reached XP level 2. HP: 22/29 MP: 1/1
   198 | D:1      | Reached skill level 3 in Maces & Flails
   498 | D:1      | Reached XP level 3. HP: 36/36 MP: 2/2
   827 | D:2      | Reached XP level 4. HP: 42/44 MP: 3/3
  1002 | D:2      | Reached skill level 4 in Maces & Flails
  1116 | D:2      | Reached XP level 5. HP: 43/52 MP: 4/4
  1668 | D:3      | Found a bloodstained altar of Trog.
  1676 | D:3      | Found an iron altar of Okawaru.
  1678 | D:3      | Found a glowing golden altar of the Shining One.
  1679 | D:3      | Found a blossoming altar of Fedhas.
  1761 | D:3      | Found a glowing drain.
  1768 | Sewer    | Entered a sewer
  2074 | Sewer    | Reached XP level 6. HP: 52/59 MP: 5/5
  2429 | D:3      | Reached skill level 5 in Maces & Flails
  3136 | D:4      | Noticed Grinder
  3147 | D:4      | Paralysed by Grinder for 5 turns
  3237 | D:4      | Killed Grinder
  3237 | D:4      | Reached skill level 6 in Maces & Flails
  3237 | D:4      | Reached XP level 7. HP: 62/67 MP: 6/6
  3745 | D:5      | Entered Level 5 of the Dungeon
  3827 | D:5      | Reached XP level 8. HP: 63/78 MP: 7/7
  3841 | D:5      | Reached skill level 7 in Maces & Flails
  3843 | D:5      | HP: 3/78 [orc priest/divine providence (17)]
  4289 | D:5      | Found a shimmering altar of Xom.
  4289 | D:5      | Found an ornate altar of the Wu Jian Council.
  4389 | D:6      | Found a staircase to the Ecumenical Temple.
  4409 | Temple   | Entered the Ecumenical Temple
  4565 | Temple   | Reached skill level 8 in Maces & Flails
  4570 | Temple   | Reached skill level 5 in Dodging
  4770 | D:6      | Found Udoydyonn's Weapon Shoppe.
  4978 | D:7      | Reached XP level 9. HP: 73/83 MP: 8/8
  5041 | D:7      | Noticed Menkaure
  5045 | D:7      | Killed Menkaure
  5221 | D:7      | Noticed Harold
  5235 | D:7      | HP: 1/83 [Harold/+3 glaive of venom (18)]
  5236 | D:7      | Slain by Harold

Levels and vault maps discovered:
D:1:      dpeg_arrival_tiny_d, layout_basic
D:2:      minmay_general_purpose_star, layout_basic,
          chequers_serial_rivers_small_b
D:3:      layout_basic, minitemple, first_ration, cheibrodos_sewer_entry_sluice
D:4:      layout_rooms, uniq_grinder
D:5:      layout_rooms, nicolae_overflow_hidden_temple,
          gammafunk_temple_overflow_elements
D:6:      layout_cave_pools, minmay_temple_entry_waves, serial_shops,
          nicolae_shop_statue_plus, grunt_potential
D:7:      minmay_the_grid_octo_2x2 [minmay_the_grid_octo_fan_narrow,
          minmay_the_grid_octo_77, minmay_the_grid_octo_tetromino_candy,
          minmay_the_grid_octo_prize_single_spiral], layout_loops_ring,
          nrook_mini_backslash, lemuel_angel_altar, uniq_harold, uniq_menkaure
Temple:   zaba_magenta_temple

Skill      XL: |  1  2  3  4  5  6  7  8 |
---------------+-------------------------+-----
Maces & Flails | 3 4 6 8 |  8.8
Dodging        | 3 4 5 |  5.5
Fighting       | 3 4 |  4.5
Stealth        | |  1.4

Action                   |  1- 3 |  4- 6 |  7- 9 || total
-------------------------+-------+-------+-------++-------
Melee: Mace              |   129 |    97 |   103 ||   329
       Morningstar       |       |   261 |   223 ||   484
  Use: Scroll            |       |     1 |       ||     1
       Potion            |       |       |     3 ||     3
 Stab: Sleeping          |       |     1 |     1 ||     2
  Eat: Chunk             |     5 |    17 |    16 ||    38
       Ration            |       |     2 |     1 ||     3
Armor: Robe              |    77 |   219 |    90 ||   386
Dodge: Dodged            |   114 |   390 |   224 ||   728

Table legend:
 A = Non-vault XP
 B = Vault XP
 C = Vault XP percentage of total XP
 D = Non-vault monster count
 E = Vault monster count
 F = Vault count percentage of total count
                 A         B        C        D         E       F
            +---------+---------+-------+---------+---------+-------
      Total |    2334 |     727 |  23.8 |     143 |      55 |  27.8
            +---------+---------+-------+---------+---------+-------
        D:1 |      41 |       0 |   0.0 |      23 |       0 |   0.0
        D:2 |     132 |      57 |  30.2 |      29 |       2 |   6.5
        D:3 |     179 |      19 |   9.6 |      28 |       3 |   9.7
        D:4 |     178 |     281 |  61.2 |      11 |       1 |   8.3
        D:5 |     588 |       0 |   0.0 |      26 |       0 |   0.0
        D:6 |     711 |       0 |   0.0 |      14 |       0 |   0.0
        D:7 |     473 |     175 |  27.0 |       9 |       1 |  10.0
     Temple |      32 |       0 |   0.0 |       3 |       0 |   0.0
      Sewer |       0 |     195 | 100.0 |       0 |      48 | 100.0
            +---------+---------+-------+---------+---------+-------
